| TOP OF THE 1ST |
|
Kingsport Mets batting - Pitching for Missoula Osprey : LHP Cory Youngquist
|
|
Pitching: LHP Cory Youngquist
|
|
|
Batting: RHB Enrique Aguirre
|
0-0: Called Strike 0-1: Fly out, F3 (Popup, 3S, EV 88.1 MPH)
|
|
Batting: RHB Artyom Shavkunov
|
0-0: Called Strike 0-1: Ball 1-1: Ground out 5-3 (Groundball, 56, EV 103.1 MPH)
|
|
Batting: SHB Tyler Maddux
|
0-0: Ground out 4-3 (Groundball, 4, EV 86.9 MPH)
|
| Top of the 1st over - 0 runs, 0 hits, 0 errors, 0 left on base; Kingsport 0 - Missoula 0 |
| BOTTOM OF THE 1ST |
|
Missoula Osprey batting - Pitching for Kingsport Mets : RHP Emanuel Anochondo
|
|
Pitching: RHP Emanuel Anochondo
|
|
|
Batting: RHB Mike Smith
|
0-0: Foul Ball, location: 2F 0-1: Ball 1-1: Foul Ball, location: 2F 1-2: Foul Ball, location: 2F 1-2: Foul Ball, location: 2F 1-2: Fly out, F9 (Flyball, 89M, EV 96.9 MPH)
|
|
Batting: RHB Hector Tabares
|
0-0: Ball 1-0: Fly out, F8 (Flyball, 8RD, EV 84.4 MPH)
|
|
Batting: LHB Danny Salas
|
0-0: Ball 1-0: DOUBLE (Line Drive, 7LD, EV 109.4 MPH)
|
|
Batting: LHB Ron Mills
|
0-0: Ball 1-0: Foul Ball, location: 2F 1-1: Foul Ball, location: 2F 1-2: Ball 2-2: Foul Ball, location: 2F 2-2: Foul Ball, location: 2F 2-2: Ball 3-2: Strikes out swinging, 2-3 out at first.
|
| Bottom of the 1st over - 0 runs, 1 hit, 0 errors, 1 left on base; Kingsport 0 - Missoula 0 |
| TOP OF THE 2ND |
|
Kingsport Mets batting - Pitching for Missoula Osprey : LHP Cory Youngquist
|
|
Batting: SHB Nick Daigle
|
0-0: Ball 1-0: Swinging Strike 1-1: Ground out 6-3 (Groundball, 56, EV 80.0 MPH)
|
|
Batting: RHB Bill Crogan
|
0-0: Swinging Strike 0-1: Ball 1-1: Foul Ball, location: 2F 1-2: Strikes out swinging
|
|
Batting: RHB Sam Callahan
|
0-0: Called Strike 0-1: SINGLE (Flyball, 8LS, EV 88.8 MPH)
|
|
Batting: RHB Chris Artz
|
0-0: Fielders Choice at 2nd, 6-4 (Groundball, 6, EV 80.6 MPH)
|
| Top of the 2nd over - 0 runs, 1 hit, 0 errors, 1 left on base; Kingsport 0 - Missoula 0 |
| BOTTOM OF THE 2ND |
|
Missoula Osprey batting - Pitching for Kingsport Mets : RHP Emanuel Anochondo
|
|
Batting: RHB Jimmy McIntosh
|
0-0: Reached on error, E6 (Groundball, 6M, EV 86.9 MPH)
|
|
Batting: RHB Claude Leduc
|
0-0: 2-RUN HOME RUN (Flyball, 7D, EV 91.9 MPH), Distance : 354 ft
|
|
Batting: RHB Juan Mejia
|
0-0: SINGLE (Groundball, 4M, EV 98.1 MPH) (infield hit)
|
|
Batting: RHB Jose Cuellar
|
0-0: Hit by Pitch Juan Mejia to second
|
|
Batting: RHB Isaiah Hampton
|
0-0: Foul Ball, location: 2F 0-1: Ball 1-1: Ball 2-1: Called Strike 2-2: Foul Ball, location: 2F 2-2: Strikes out looking
|
|
Batting: RHB Mike Smith
|
0-0: Called Strike 0-1: Foul Ball, location: 2F 0-2: Ball 1-2: Strikes out looking
|
|
Batting: RHB Hector Tabares
|
0-0: Called Strike 0-1: Ball 1-1: Called Strike 1-2: Fly out, F4 (Line Drive, 4, EV 73.1 MPH)
|
| Bottom of the 2nd over - 2 runs, 2 hits, 1 error, 2 left on base; Kingsport 0 - Missoula 2 |
| TOP OF THE 3RD |
|
Kingsport Mets batting - Pitching for Missoula Osprey : LHP Cory Youngquist
|
|
Batting: SHB Adonis Jones
|
0-0: Called Strike 0-1: Ball 1-1: Called Strike 1-2: Foul Ball, location: 2F 1-2: Strikes out swinging
|
|
Batting: SHB Josh Thomson
|
0-0: Called Strike 0-1: Called Strike 0-2: Foul Ball, location: 2F 0-2: Ball 1-2: Strikes out looking
|
|
Batting: RHB Enrique Aguirre
|
0-0: Ball 1-0: Called Strike 1-1: Foul Ball, location: 2F 1-2: Strikes out swinging
|
| Top of the 3rd over - 0 runs, 0 hits, 0 errors, 0 left on base; Kingsport 0 - Missoula 2 |
| BOTTOM OF THE 3RD |
|
Missoula Osprey batting - Pitching for Kingsport Mets : RHP Emanuel Anochondo
|
|
Batting: LHB Danny Salas
|
0-0: Foul Ball, location: 2F 0-1: Swinging Strike 0-2: Strikes out swinging
|
|
Batting: LHB Ron Mills
|
0-0: Swinging Strike 0-1: Fly out, F8 (Flyball, 8RXD, EV 105.0 MPH)
|
|
Batting: RHB Jimmy McIntosh
|
0-0: Ground out 6-3 (Groundball, 56D, EV 100.6 MPH)
|
| Bottom of the 3rd over - 0 runs, 0 hits, 0 errors, 0 left on base; Kingsport 0 - Missoula 2 |
| TOP OF THE 4TH |
|
Kingsport Mets batting - Pitching for Missoula Osprey : LHP Cory Youngquist
|
|
Batting: RHB Artyom Shavkunov
|
0-0: Called Strike 0-1: Ball 1-1: Foul Ball, location: 2F 1-2: Foul Ball, location: 2F 1-2: Fly out, F9 (Flyball, 89M, EV 83.8 MPH)
|
|
Batting: SHB Tyler Maddux
|
0-0: Ball 1-0: Called Strike 1-1: Called Strike 1-2: Foul Ball, location: 2F 1-2: Fly out, F9 (Flyball, 9, EV 76.2 MPH)
|
|
Batting: SHB Nick Daigle
|
0-0: Called Strike 0-1: Ball 1-1: Foul Ball, location: 2F 1-2: Fly out, F9 (Line Drive, 89M, EV 107.5 MPH)
|
| Top of the 4th over - 0 runs, 0 hits, 0 errors, 0 left on base; Kingsport 0 - Missoula 2 |
| BOTTOM OF THE 4TH |
|
Missoula Osprey batting - Pitching for Kingsport Mets : RHP Emanuel Anochondo
|
|
Batting: RHB Claude Leduc
|
0-0: Foul Ball, location: 2F 0-1: Ball 1-1: Foul Ball, location: 2F 1-2: Ball 2-2: Ball 3-2: Strikes out looking
|
|
Batting: RHB Juan Mejia
|
0-0: Swinging Strike 0-1: Ball 1-1: Foul Ball, location: 2F 1-2: Ball 2-2: Reached on error, E6 (Groundball, 6, EV 90.6 MPH)
|
|
Batting: RHB Jose Cuellar
|
0-0: Ball 1-0: Fly out, F5 (Line Drive, 5, EV 65.6 MPH)
|
|
Batting: RHB Isaiah Hampton
|
0-0: Called Strike 0-1: Called Strike 0-2: Ball 1-2: Ball 2-2: Ball 3-2: Strikes out looking
|
| Bottom of the 4th over - 0 runs, 0 hits, 1 error, 1 left on base; Kingsport 0 - Missoula 2 |
| TOP OF THE 5TH |
|
Kingsport Mets batting - Pitching for Missoula Osprey : LHP Cory Youngquist
|
|
Batting: RHB Bill Crogan
|
0-0: Swinging Strike 0-1: Foul Ball, location: 2F 0-2: Ball 1-2: Strikes out swinging
|
|
Batting: RHB Sam Callahan
|
0-0: Ball 1-0: Ball 2-0: SINGLE (Groundball, 3D, EV 97.5 MPH)
|
|
Batting: RHB Chris Artz
|
0-0: Ball 1-0: Ball 2-0: Ball 3-0: Base on Balls Sam Callahan to second
|
|
Batting: SHB Adonis Jones
|
0-0: SINGLE (Groundball, 6MD, EV 103.1 MPH) Sam Callahan to third Chris Artz to second Runner from 3rd tries for Home, SAFE, throw by CF to home Chris Artz to third Adonis Jones to second
|
|
Batting: SHB Josh Thomson
|
0-0: Called Strike 0-1: Ball 1-1: Swinging Strike 1-2: Ball 2-2: Foul Ball, location: 2F 2-2: Ball 3-2: DOUBLE (Flyball, 89D, EV 88.8 MPH) Chris Artz scores Adonis Jones scores
|
|
Batting: RHB Enrique Aguirre
|
0-0: Called Strike 0-1: Ball 1-1: Called Strike 1-2: Foul Ball, location: 2F 1-2: Ball 2-2: Foul Ball, location: 2F 2-2: Strikes out swinging
|
|
Batting: RHB Artyom Shavkunov
|
0-0: Called Strike 0-1: Ball 1-1: Foul Ball, location: 2F 1-2: Foul Ball, location: 2F 1-2: Foul Ball, location: 2F 1-2: Ball 2-2: Ground out 4-3 (Groundball, 4, EV 87.5 MPH)
|
| Top of the 5th over - 3 runs, 3 hits, 0 errors, 1 left on base; Kingsport 3 - Missoula 2 |
| BOTTOM OF THE 5TH |
|
Missoula Osprey batting - Pitching for Kingsport Mets : RHP Emanuel Anochondo
|
|
Batting: RHB Mike Smith
|
0-0: Called Strike 0-1: Ball 1-1: Foul Ball, location: 2F 1-2: SINGLE (Line Drive, 9S, EV 94.4 MPH)
|
|
Batting: RHB Hector Tabares
|
0-0: Ball 1-0: Ball Mike Smith steals 2nd base 2-0: Fly out, F7 (Flyball, 7, EV 96.2 MPH)
|
|
Batting: LHB Danny Salas
|
0-0: Ball 1-0: Ball 2-0: Ball 3-0: Base on Balls
|
|
Batting: LHB Ron Mills
|
0-0: Foul Ball, location: 2F 0-1: Called Strike Mike Smith is caught stealing 3rd base 2-5 0-2: Ball 1-2: Strikes out looking
|
| Bottom of the 5th over - 0 runs, 1 hit, 0 errors, 1 left on base; Kingsport 3 - Missoula 2 |
| TOP OF THE 6TH |
|
Kingsport Mets batting - Pitching for Missoula Osprey : LHP Cory Youngquist
|
|
Batting: SHB Tyler Maddux
|
0-0: Ball 1-0: Called Strike 1-1: Ground out 6-3 (Groundball, 6, EV 90.0 MPH)
|
|
Batting: SHB Nick Daigle
|
0-0: Ball 1-0: Ball 2-0: Ball 3-0: Base on Balls
|
|
Batting: RHB Bill Crogan
|
0-0: Foul Ball, location: 2F 0-1: Ball 1-1: Foul Ball, location: 2F 1-2: Ball 2-2: Foul Ball, location: 2F 2-2: 2-RUN HOME RUN (Line Drive, 78XD, EV 116.2 MPH), Distance : 428 ft
|
|
Batting: RHB Sam Callahan
|
0-0: Fly out, F6 (Line Drive, 6, EV 71.2 MPH)
|
|
Batting: RHB Chris Artz
|
0-0: Ball 1-0: Foul Ball, location: 2F 1-1: Ball 2-1: Ball 3-1: Base on Balls
|
|
Batting: SHB Adonis Jones
|
0-0: Ball 1-0: Ball 2-0: Called Strike 2-1: Called Strike 2-2: Foul Ball, location: 2F 2-2: Foul Ball, location: 2F 2-2: Ball 3-2: Ground out 6-3 (Groundball, 6, EV 80.0 MPH)
|
| Top of the 6th over - 2 runs, 1 hit, 0 errors, 1 left on base; Kingsport 5 - Missoula 2 |
| BOTTOM OF THE 6TH |
|
Missoula Osprey batting - Pitching for Kingsport Mets : RHP Emanuel Anochondo
|
|
Batting: RHB Jimmy McIntosh
|
0-0: Called Strike 0-1: Foul Ball, location: 2F 0-2: Ball 1-2: Ball 2-2: Strikes out looking
|
|
Pitching: RHP Jose Herrera
|
|
|
Batting: RHB Claude Leduc
|
0-0: Called Strike 0-1: Called Strike 0-2: Ball 1-2: Foul Ball, location: 2F 1-2: Foul Ball, location: 2F 1-2: Ball 2-2: Ball 3-2: Base on Balls
|
|
Batting: RHB Juan Mejia
|
0-0: Ball 1-0: Swinging Strike 1-1: Foul Ball, location: 2F 1-2: Grounds into double play, 5-4-3 (Groundball, 56S, EV 78.8 MPH)
|
| Bottom of the 6th over - 0 runs, 0 hits, 0 errors, 0 left on base; Kingsport 5 - Missoula 2 |
| TOP OF THE 7TH |
|
Kingsport Mets batting - Pitching for Missoula Osprey : LHP Cory Youngquist
|
|
Batting: SHB Josh Thomson
|
0-0: Ball 1-0: Ball 2-0: Ball 3-0: Base on Balls
|
|
Pitching: RHP Javier Rosales
|
|
|
Batting: RHB Enrique Aguirre
|
0-0: Ball 1-0: Foul Ball, location: 2F 1-1: Called Strike Josh Thomson steals 2nd base 1-2: Ball 2-2: Ball 3-2: Foul Ball, location: 2F 3-2: Fly out, F8 (Flyball, 89XD, EV 86.9 MPH) Runner from 2nd tags up, SAFE at 3rd, no throw by CF
|
|
Batting: RHB Artyom Shavkunov
|
0-0: Swinging Strike 0-1: Ball 1-1: SINGLE (Groundball, 5D, EV 105.0 MPH) Josh Thomson scores
|
|
Batting: SHB Tyler Maddux
|
0-0: Swinging Strike 0-1: Ball 1-1: Swinging Strike 1-2: Foul Ball, location: 2F 1-2: Strikes out looking
|
|
Batting: SHB Nick Daigle
|
0-0: Ball 1-0: Called Strike 1-1: Ball 2-1: Ball 3-1: Base on Balls Artyom Shavkunov to second
|
|
Batting: RHB Bill Crogan
|
0-0: Ball 1-0: Ball 2-0: 3-RUN HOME RUN (Flyball, 8RXD, EV 98.8 MPH), Distance : 405 ft
|
|
Batting: RHB Sam Callahan
|
0-0: Called Strike 0-1: Ball 1-1: SINGLE (Line Drive, 78S, EV 98.8 MPH)
|
|
Pitching: LHP Ian Tamburrino
|
|
|
Batting: RHB Chris Artz
|
0-0: Called Strike 0-1: Fielders Choice at 2nd, 6-4 (Groundball, 6, EV 100.6 MPH)
|
| Top of the 7th over - 4 runs, 3 hits, 0 errors, 1 left on base; Kingsport 9 - Missoula 2 |
| BOTTOM OF THE 7TH |
|
Missoula Osprey batting - Pitching for Kingsport Mets : RHP Jose Herrera
|
|
Batting: RHB Jose Cuellar
|
0-0: Foul Ball, location: 2F 0-1: Swinging Strike 0-2: Ground out 5-3 (Groundball, 56, EV 100.6 MPH)
|
|
Batting: RHB Isaiah Hampton
|
0-0: Ball 1-0: Ball 2-0: Ground out 2-3 (Groundball, 15S, EV 67.5 MPH)
|
|
Batting: RHB Mike Smith
|
0-0: Foul Ball, location: 2F 0-1: Ball 1-1: Foul Ball, location: 2F 1-2: Foul Ball, location: 2F 1-2: Fly out, F9 (Line Drive, 89M, EV 83.8 MPH)
|
| Bottom of the 7th over - 0 runs, 0 hits, 0 errors, 0 left on base; Kingsport 9 - Missoula 2 |
| TOP OF THE 8TH |
|
Kingsport Mets batting - Pitching for Missoula Osprey : LHP Ian Tamburrino
|
|
Batting: SHB Adonis Jones
|
0-0: Foul Ball, location: 2F 0-1: Ball 1-1: Fly out, F7 (Flyball, 7D, EV 90.0 MPH)
|
|
Batting: SHB Josh Thomson
|
0-0: Called Strike 0-1: Ball 1-1: SINGLE (Line Drive, 8LS, EV 86.9 MPH)
|
|
Batting: RHB Enrique Aguirre
|
0-0: Swinging Strike 0-1: 2-RUN HOME RUN (Flyball, 9D, EV 94.4 MPH), Distance : 351 ft
|
|
Batting: RHB Artyom Shavkunov
|
0-0: Ball 1-0: Foul Ball, location: 2F 1-1: Ball 2-1: Swinging Strike 2-2: SINGLE (Groundball, 6MD, EV 101.9 MPH)
|
|
Batting: SHB Tyler Maddux
|
0-0: Called Strike 0-1: Ball 1-1: SINGLE (Line Drive, 78S, EV 93.8 MPH) Artyom Shavkunov to second
|
|
Pitching: RHP Jon Wernli
|
|
|
Batting: SHB Nick Daigle
|
0-0: Ball 1-0: Ball 2-0: Called Strike 2-1: Foul Ball, location: 2F 2-2: Strikes out swinging
|
|
Batting: RHB Bill Crogan
|
0-0: Ball 1-0: Ball 2-0: Called Strike 2-1: Ball 3-1: Foul Ball, location: 2F 3-2: Foul Ball, location: 2F 3-2: Base on Balls Artyom Shavkunov to third Tyler Maddux to second
|
|
Batting: RHB Sam Callahan
|
0-0: Ball 1-0: Foul Ball, location: 2F 1-1: Fly out, F9 (Flyball, 89S, EV 91.2 MPH)
|
| Top of the 8th over - 2 runs, 4 hits, 0 errors, 3 left on base; Kingsport 11 - Missoula 2 |
| BOTTOM OF THE 8TH |
|
Missoula Osprey batting - Pitching for Kingsport Mets : RHP Jose Herrera
|
|
Pinch Hitting: LHB Nelson Pelico
|
0-0: Swinging Strike 0-1: Foul Ball, location: 2F 0-2: Fly out, F8 (Flyball, 89D, EV 108.8 MPH)
|
|
Batting: LHB Danny Salas
|
0-0: Swinging Strike 0-1: Swinging Strike 0-2: Foul Ball, location: 2F 0-2: Ball 1-2: Foul Ball, location: 2F 1-2: Ball 2-2: Strikes out looking
|
|
Batting: LHB Ron Mills
|
0-0: Called Strike 0-1: Foul Ball, location: 2F 0-2: Ball 1-2: Ball 2-2: Strikes out swinging
|
| Bottom of the 8th over - 0 runs, 0 hits, 0 errors, 0 left on base; Kingsport 11 - Missoula 2 |
| TOP OF THE 9TH |
|
Kingsport Mets batting - Pitching for Missoula Osprey : RHP Jon Wernli
|
|
Now at 3B: Nelson Pelico
|
|
|
Batting: RHB Chris Artz
|
0-0: Swinging Strike 0-1: Ball 1-1: Ball 2-1: DOUBLE (Line Drive, 5D, EV 103.1 MPH)
|
|
Pitching: RHP D.J. Bryant
|
|
|
Batting: SHB Adonis Jones
|
0-0: Ball 1-0: SINGLE (Line Drive, 8RS, EV 106.2 MPH) Chris Artz to third
|
|
Batting: SHB Josh Thomson
|
0-0: Ball 1-0: 3-RUN HOME RUN (Flyball, 9LD, EV 91.9 MPH), Distance : 333 ft
|
|
Pinch Hitting: LHB Matt Baker
|
0-0: SINGLE (Groundball, 34D, EV 101.9 MPH)
|
|
Batting: RHB Artyom Shavkunov
|
0-0: Ball 1-0: Ball 2-0: Called Strike 2-1: Fly out, F9 (Flyball, 89S, EV 92.5 MPH)
|
|
Batting: SHB Tyler Maddux
|
0-0: Swinging Strike 0-1: Ball 1-1: Ball 2-1: Ball Wild Pitch! Matt Baker to second 3-1: Base on Balls
|
|
Batting: SHB Nick Daigle
|
0-0: Ball 1-0: Fly out, F8 (Flyball, 78D, EV 90.0 MPH)
|
|
Batting: RHB Bill Crogan
|
0-0: Ball 1-0: Ball 2-0: Ball 3-0: Swinging Strike 3-1: Foul Ball, location: 2F 3-2: Foul Ball, location: 2F 3-2: Foul Ball, location: 2F 3-2: Foul Ball, location: 2F 3-2: Base on Balls Matt Baker to third Tyler Maddux to second
|
|
Pitching: RHP Dave Beerman
|
|
|
Batting: RHB Sam Callahan
|
0-0: Ball 1-0: SINGLE (Flyball, 34D, EV 89.4 MPH) Matt Baker scores Tyler Maddux to third Bill Crogan to second
|
|
Batting: RHB Chris Artz
|
0-0: Ball 1-0: Ball 2-0: DOUBLE (Flyball, 8RXD, EV 98.1 MPH) Tyler Maddux scores Bill Crogan scores Sam Callahan to third Runner from 3rd tries for Home, SAFE, no throw by CF
|
|
Batting: SHB Adonis Jones
|
0-0: Called Strike 0-1: Foul Ball, location: 2F 0-2: Ground out 1-3 (Groundball, 13S, EV 61.9 MPH)
|
| Top of the 9th over - 7 runs, 6 hits, 0 errors, 1 left on base; Kingsport 18 - Missoula 2 |
| BOTTOM OF THE 9TH |
|
Missoula Osprey batting - Pitching for Kingsport Mets : RHP Jose Herrera
|
|
Pitching: RHP Ruben Lozano
|
|
|
Now in CF: Matt Baker
|
|
|
Batting: RHB Jimmy McIntosh
|
0-0: Ball 1-0: Called Strike 1-1: Ball 2-1: SINGLE (Groundball, 6MD, EV 105.0 MPH)
|
|
Batting: RHB Claude Leduc
|
0-0: Called Strike 0-1: Fly out, F7 (Flyball, 7, EV 85.6 MPH)
|
|
Pinch Hitting: RHB Chris Jones
|
0-0: Ball 1-0: Called Strike 1-1: SINGLE (Groundball, 56D, EV 106.2 MPH) Jimmy McIntosh to second
|
|
Batting: RHB Jose Cuellar
|
0-0: Ball 1-0: Foul Ball, location: 2F 1-1: Called Strike 1-2: Strikes out swinging
|
|
Batting: RHB Isaiah Hampton
|
0-0: Ball 1-0: SINGLE (Flyball, 5D, EV 93.1 MPH) Jimmy McIntosh to third Chris Jones to second
|
|
Batting: RHB Mike Smith
|
0-0: Swinging Strike 0-1: Ground out 4-3 (Groundball, 4, EV 80.0 MPH)
|
| Bottom of the 9th over - 0 runs, 3 hits, 0 errors, 3 left on base; Kingsport 18 - Missoula 2 |
|